 Dungeon Crawl Stone Soup version 0.26-a0-652-gafc20e3620 (webtiles) character file.

Game seed: 6397716819296130105

36 smeego the Shield-Bearer (level 3, -9/39 HPs)
             Began as an Octopode Fighter on Oct 3, 2020.
             Mangled by Sigmund
             ... wielding a +1 scythe of venom
              (10 damage)
             ... on level 2 of the Dungeon.
             The game lasted 00:01:15 (859 turns).

smeego the Shield-Bearer (Octopode Fighter)          Turns: 859, Time: 00:01:16

Health: -9/39      AC:  1    Str: 15    XL:     3   Next: 37%
Magic:  3/3        EV: 11    Int: 13    God:
Gold:   49         SH:  8    Dex: 11    Spells: 2/2 levels left

rFire    . . .     SeeInvis .   a - +0 long sword
rCold    . . .     Faith    .   b - +0 kite shield
rNeg     . . .     Spirit   .   (helmet restricted)
rPois    .         Reflect  .   (no amulet)
rElec    .         Harm     .   (no ring)
rCorr    .         Rampage  .   (no ring)
MR       .....     Clarity  +   (no ring)
Stlth    ..........             (no ring)
HPRegen  0.13/turn              (no ring)
MPRegen  0.08/turn              (no ring)
                                (no ring)
                                (no ring)

@: berserking, lethally poisoned (-9 -> -51), very quick
A: almost no armour, stealthy swim, amphibious, 8 rings, constrict 8, camouflage
1, clarity, clever 1, gelatinous body 1
a: no special abilities


You were on level 2 of the Dungeon.
You visited 1 branch of the dungeon, and saw 2 of its levels.

You collected 49 gold pieces.

Inventory:

Hand Weapons
 a - a +0 long sword (weapon)
Missiles
 k - 14 poisoned darts (quivered)
Armour
 b - a +0 kite shield (worn)
Scrolls
 i - a scroll of fog {unknown}
 j - a scroll of teleportation {unknown}
 l - a scroll of identify {unknown}
Potions
 c - a potion of might
 e - a potion of heal wounds
 g - a potion of lignification {unknown}
 h - a potion of curing {unknown}


   Skills:
 + Level 3.1 Fighting
 * Level 2.6 Long Blades
 + Level 0.7 Throwing
 + Level 3.1 Dodging
 + Level 1.1 Stealth
 + Level 3.2 Shields
 + Level 0.6 Unarmed Combat


You had 2 spell levels left.
You didn't know any spells.
Your spell library was empty.

Dungeon Overview and Level Annotations

Branches:
Dungeon (2/15)

Altars:
Ru

Annotations:
D:2 Sigmund


Innate Abilities, Weirdness & Mutations

You cannot wear most types of armour.
You are very stealthy in the water. (Stealth+)
You are amphibious.
You can wear up to eight rings at the same time.
You can use your tentacles to constrict eight enemies at once.
Your skin changes colour to match your surroundings (Stealth+).
Your rubbery body absorbs attacks. (AC +1, EV +1)
You possess an exceptional clarity of mind.
Your mind is acute. (Int +2)


Message History

You feel very sick.
It was a potion of mutation.
You feel extremely strange.
Your thoughts seem clearer.
You feel clever.
You feel sick. Something hits you!
* * * LOW HITPOINT WARNING * * *
Okay, then.
You feel much better.
You feel very sick. Something hits you.
It was a potion of berserk rage.
A red film seems to cover your vision as you go berserk!
You feel yourself moving faster!
You feel mighty!
You feel sick.
You closely miss something.
You feel sick. Something hits you!
* * * LOW HITPOINT WARNING * * *
You are more poisoned.
You miss something.
* * * LOW HITPOINT WARNING * * *
You feel very sick. Something hits you!
You die...

##.# #..#
######.######
#...........#
#.####.####.#
#[.[....#
#$##.##.#
#.#.#...#.#.#..
......._@.......
##.#.#..{#.#.#..
#.##.##.# # ...
# ##.# ... #.#
#.


There were no monsters in sight!

Vanquished Creatures
  An adder (D:2)
  A leopard gecko (D:1)
  4 giant cockroaches (D:1)
  4 goblins (D:1)
  3 hobgoblins (D:1)
  2 kobolds (D:1)
  5 bats (D:1)
  A frilled lizard (D:1)
  5 rats (D:1)
26 creatures vanquished.

Notes
Turn   | Place    | Note
-------+----------+-------------------------------------------
     0 | D:1      | smeego the Octopode Fighter began the quest for the Orb.
     0 | D:1      | Reached XP level 1. HP: 16/16 MP: 1/1
    28 | D:1      | Reached XP level 2. HP: 9/21 MP: 2/2
   629 | D:1      | Reached XP level 3. HP: 26/26 MP: 3/3
   715 | D:1      | Reached skill level 1 in Stealth
   844 | D:2      | Found a sacrificial altar of Ru.
   845 | D:2      | Noticed Sigmund
   855 | D:2      | Gained mutation: You possess an exceptional clarity of
                  | mind. [potion of mutation]
   855 | D:2      | Gained mutation: Your mind is acute. (Int +2) [potion of
                  | mutation]
   859 | D:2      | HP: 1/39 [poisoned by Sigmund]
   859 | D:2      | Mangled by Sigmund

Illustrated notes

Levels and vault maps discovered:
D:1:      dpeg_arrival_line_fractal, layout_rooms
D:2:      layout_loops_ring, nicolae_overflow_crystal_walls,
          nicolae_ru_sacrificial_ziggurat, uniq_sigmund, uniq_jessica

Skill      XL: |  1  2  3 |
---------------+----------+-----
Stealth        | 1 |  1.1
Fighting       | |  3.1
Long Blades    | |  2.6
Throwing       | |  0.7
Dodging        | |  3.1
Shields        | |  3.2
Unarmed Combat | |  0.6

Action                   || total
-------------------------++-------
Melee: Long sword        ||    45
       Constrict         ||    18
       Tentacles         ||     8
  Use: Potion            ||     4
 Stab: Sleeping          ||     2
Armor: Skin              ||    10
Dodge: Dodged            ||    21
Block: Kite shield       ||    26
       Rpst.: Long sword ||     9

Table legend: (Time is in decaauts)
 A = Elapsed time spent in this place.
 B = Non-inter-level travel time spent in this place.
 C = Inter-level travel time spent in this place.
 D = Time resting spent in this place.
 E = Time spent auto-exploring this place.
 F = Levels seen in this place.
 G = Mean time per level.
                   A        B        C        D        E       F      G
               +--------+--------+--------+--------+--------+-----+--------+
         Total |    873 |    856 |     17 |    354 |    353 |   2 |  436.5 |
       Dungeon |    873 |    856 |     17 |    354 |    353 |   2 |  436.5 |
               +--------+--------+--------+--------+--------+-----+--------+

Top non-repeatable levels by time:
     D:1: 841 daAuts
     D:2: 32 daAuts
